AoeStats
← xXTiroNoChakraXx

Arena

510729358Analyzed
1v1 RM · 1d ago on Oct 2, 2026· 249m 0s· 2 players
Game mode
Random Map
Map size
Tiny (2 player)
Population
200
Speed
Normal
Resources
Standard
Victory
Conquest
Starting age
Dark Age
Ending age
Imperial Age
RankedLock teamsTeams togetherTeam positionsShared explorationLock speedFull tech treeHidden civsTurbo modeCheats
Victory
Defeat
🇨🇳 Teutons · China
1014
+15
🇦🇺 Varangians · Australia
989
-15
xXTiroNoChakraXx
11:33 Feudal Age
11:29 Loom
16:23 Castle Age
15:06 Stone Mining
15:15 Double-Bit Axe
15:31 Horse Collar
15:59 Gold Mining
18:07 Bow Saw
26:08 Imperial Age
23:57 Fletching
26:53 Wheelbarrow
29:44 Devotion
30:23 Bodkin Arrow
31:49 Town Watch
32:37 Heavy Plow
33:33 Bracer
37:42 Chemistry
36:24 Treadmill Crane
38:11 Bloodlines
37:22 Light Cavalry
38:21 Hand Cart
38:48 Town Patrol
39:08 Husbandry
39:42 Vendel Legacy
39:47 Hussar
42:44 Two-Man Saw
42:05 Forging
42:01 Scale Barding Armor
42:24 Squires
41:45 Pikeman
43:05 Halberdier
43:33 Gambesons
44:27 Capped Ram
45:01 Arson
46:21 Siege Ram
49:54 Heavy Scorpion
52:35 Onager
52:45 Elite Varangian Guard
55:00 Iron Casting
54:26 Scale Mail Armor
54:27 Padded Archer Armor
57:25 Blast Furnace
56:41 Chain Mail Armor
56:47 Chain Barding Armor
58:03 Ballistics
57:52 Siege Engineers
57:40 Guard Tower
57:48 Murder Holes
58:04 Masonry
59:06 Cranequins
59:07 Heavy Mounted Crossbowman
61:28 Plate Mail Armor
61:14 Leather Archer Armor
62:13 Conscription
62:47 Crossbowman
87:52 Ring Archer Armor
87:41 Fortified Wall
88:09 Architecture
89:33 Elite Skirmisher
143:16 Heated Shot
172:25 Crop Rotation
188:22 Man-at-Arms
200:36 Long Swordsman
210:09 Plate Barding Armor
小熊熊
10:29 Feudal Age
10:16 Loom
15:15 Castle Age
13:31 Horse Collar
15:29 Double-Bit Axe
30:09 Imperial Age
28:28 Forging
28:23 Scale Barding Armor
28:19 Scale Mail Armor
29:32 Heavy Plow
30:28 Iron Casting
30:43 Wheelbarrow
29:54 Town Watch
31:20 Chain Barding Armor
31:16 Chain Mail Armor
32:04 Heated Shot
33:21 Chemistry
31:49 Cavalier
32:40 Bloodlines
33:07 Bow Saw
34:20 Blast Furnace
33:58 Plate Barding Armor
33:52 Hand Cart
34:22 Fortified Wall
35:47 Blast Furnace
35:29 Town Patrol
35:47 Fletching
37:45 Siege Engineers
38:13 Crenellations
40:02 Heavy Scorpion
41:04 Bodkin Arrow
41:40 Plate Mail Armor
41:53 Guilds
42:18 Ballistics
41:45 Arrowslits
42:12 Masonry
41:27 Elite Teutonic Knight
42:28 Ironclad
42:46 Hoardings
43:02 Paladin
45:16 Crop Rotation
46:17 Elite Teutonic Knight
47:39 Padded Archer Armor
47:02 Elite Teutonic Knight
50:15 Two-Man Saw
53:36 Leather Archer Armor
53:20 Gold Mining
53:21 Stone Mining
53:49 Onager
53:50 Capped Ram
54:05 Sappers
54:55 Conscription
54:50 Redemption
54:53 Fervor
55:02 Block Printing
54:50 Devotion
55:24 Illumination
56:19 Siege Onager
80:01 Squires
79:46 Arson
88:02 Ring Archer Armor
Connection lost

Rejoining the realm…

Still unreachable

The connection could not be restored.

Session expired

The server has moved on; the page needs a fresh start.